 Dungeon Sprint DCSS version 0.21.1-1-g345015f (webtiles) character file.

18584 Fang the Warrior (level 12, -14/123 HPs)
             Began as a Minotaur Berserker on Apr 30, 2018.
             Was the Champion of Trog.
             Splashed by a deep elf sorcerer's acid (16 damage)
             ... in the Dungeon (Sprint V: "Ziggurat Sprint").
             The game lasted 00:11:04 (1389 turns).

Fang the Warrior (Minotaur Berserker)               Turns: 1389, Time: 00:11:05

Health: -14/123    AC: 23    Str: 28    XL:     12   Next: 29%
Magic:  12/12      EV: 16    Int:  5    God:    Trog [******]
Gold:   0          SH:  0    Dex: 18    Spells: 11/11 levels left

rFire    . . .     SeeInvis .   J - +9 quarterstaff "Keukum" {freeze, rElec rN++}
rCold    + . .     Gourm    +   (shield currently unavailable)
rNeg     + + .     Faith    .   j - +5 shadow dragon scales
rPois    .         Spirit   .   (helmet restricted)
rElec    +         Reflect  .   (no cloak)
rCorr    .         Harm     .   L - +0 pair of gloves {Dex+3}
MR       .....     NoTele   +   (no boots)
Stlth    ++++......             N - amulet "Poupur" {Gourm Dex+4}
HPRegen  0.30/turn              G - ring of flight
MPRegen  0.13/turn              H - ring of the Octopus King {rC+ AC+1 EV+1 Str+1 Int+1 Dex+1}

@: berserk cooldown, slowed, studying Shields, drained, invisible, very slow
A: retaliatory headbutt, horns 2
a: Berserk, Trog's Hand, Brothers in Arms, Burn Spellbooks, Renounce Religion,
Evoke Flight


You were in the Dungeon.
You worshipped Trog.
Trog was exalted by your worship.
You were not hungry.

You visited 1 branch

Inventory:

Hand Weapons
 b - a +3 scythe of venom
 l - a +5 demon trident
 B - a +4 battleaxe of draining
 J - the +9 quarterstaff "Keukum" (weapon) {freeze, rElec rN++}
   (Trog gifted it to you in the Dungeon)

   It has been specially enchanted to freeze those struck by it, causing extra
   injury to most foes and up to half again as much damage against particularly
   susceptible opponents.
   It can also slow down cold-blooded creatures.
   It insulates you from electricity.
   It greatly protects you from negative energy.
Armour
 j - +5 shadow dragon scales (worn)
 L - a +0 pair of gloves of dexterity (worn)
Jewellery
 D - the ring "Icvinuaf" {Int+4 Dex+4}
   (You took it off a meliai in the Dungeon)

   [ring of intelligence]

   It affects your intelligence (+4).
   It affects your dexterity (+4).
 G - a ring of flight (left hand)
 H - a ring of the Octopus King (right hand) {rC+ AC+1 EV+1 Str+1 Int+1 Dex+1}
   (You took it off a deep elf high priest in the Dungeon)

   [ring of protection from cold]

   It affects your AC (+1).
   It affects your evasion (+1).
   It affects your strength (+1).
   It affects your intelligence (+1).
   It affects your dexterity (+1).
   It protects you from cold.
 N - the amulet "Poupur" (around neck) {Gourm Dex+4}
   (You found it in the Dungeon)

   [amulet of the gourmand]

   It allows you to eat raw meat even when not hungry.
   It affects your dexterity (+4).
Wands
 a - a wand of polymorph (16)
 x - a wand of disintegration (7)
 y - a wand of iceblast (7)
 z - a wand of acid (7)
Scrolls
 i - 4 scrolls of blinking
 m - 7 scrolls of fog
 n - a scroll of holy word
 o - 5 scrolls of identify
 p - 5 scrolls of remove curse
 q - 2 scrolls of fear
 K - a scroll of brand weapon
Potions
 d - 10 potions of curing
 e - 9 potions of heal wounds
 f - 10 potions of haste
 g - 7 potions of magic
 h - 3 potions of berserk rage
 r - 2 potions of brilliance
 s - a potion of invisibility
 t - 4 potions of resistance
 v - 6 potions of agility
 w - 5 potions of might
Books
 M - a manual of Shields
Miscellaneous
 k - a box of beasts
 A - a lamp of fire
 C - a phial of floods
 E - a phial of floods
 F - a lamp of fire
 I - a sack of spiders
Comestibles
 c - 6 rations


   Skills:
 + Level 16.3(16.0) Fighting
 + Level 12.8(15.5) Axes
 + Level 15.5(18.2) Polearms
 + Level 12.8(15.4) Staves
 + Level 12.5(12.2) Armour
 + Level 8.6(8.3) Dodging
 + Level 4.7(4.4) Stealth
 + Level 2.7(2.4) Shields
 + Level 2.5(2.2) Evocations


You had 11 spell levels left.
You didn't know any spells.

Dungeon Overview and Level Annotations

Branches:
Dungeon (1/1)

Altars:
Ashenzari
Cheibriados
Dithmenos
Elyvilon
Fedhas
Gozag
Hepliaklqana
Kikubaaqudgha
Makhleb
Nemelex Xobeh
Okawaru
Qazlal
Ru
Sif Muna
Trog
Uskayaw
Vehumet
Wu Jian
Xom
Yredelemnul
Zin
The Shining One
Beogh
Jiyva
Lugonu

Annotations:
D 1 transporter


Innate Abilities, Weirdness & Mutations

You reflexively headbutt those who attack you in melee.
You have a pair of horns on your head.


Message History

The deep elf mage blinks!
The deep elf sorcerer hits you but does no damage.
The deep elf knight barely misses you.
The deep elf archer blinks!
The deep elf knight barely misses you. You furiously retaliate!
You headbutt the deep elf knight.
The glaive of flaming hits you from afar.
* * * LOW HITPOINT WARNING * * *
The glaive of flaming burns you.
* * * LOW HITPOINT WARNING * * *
The deep elf master archer shoots an arrow.
The arrow hits you!
* * * LOW HITPOINT WARNING * * *
The deep elf sorcerer hits you but does no damage.
You fade into invisibility!
The deep elf knight barely misses you.
The deep elf sorcerer gestures at you while chanting.
The bolt of acid hits you!
* * * LOW HITPOINT WARNING * * *
You are splashed with acid!
The acid burns!
You die...

▓....©....▓..
▓▓▓▓▓▓▓▓▓▓▓▓▓▓▓▓▓▓▓▓▓▓▓▓
▓...8©8...▓...8©8...▓...8
▓..})|).[.▓...).=)..▓...)
▓..|"||}..▓...)).[..▓...}
▓..§......▓.........▓....
▓.......e.▓.........▓....
▓.....(ee.▓.........▓....
▓......e@e▓.........▓....
▓.....*ee(▓....)....▓.▓..
▓.▓..(e.▓.▓.▓.....▓.▓....
▓....©..(.▓....©....▓▓▓▓▓
▓▓▓▓▓▓▓▓▓▓▓▓▓▓▓▓▓▓▓▓▓


You could see a deep elf master archer, a deep elf annihilator, a deep elf
sorcerer, a deep elf archer, 2 deep elf knights, 2 deep elf magi, a glaive of
flaming and a battlesphere.

Vanquished Creatures
  A deep elf high priest (D)
  2 soul eaters (D)
  An unseen horror (shapeshifter) (D)
  An orb spider (shapeshifter) (D)
  An orc sorcerer (D)
  3 deep elf magi (D)
  A salamander (shapeshifter) (D)
  3 rime drakes (D)
  2 ice devils (D)
  A yaktaur (shapeshifter) (D)
  2 freezing wraiths (D)
  A meliai (shapeshifter) (D)
  3 polar bears (D)
  A blink frog (shapeshifter) (D)
  An air elemental (D)
  A tarantella (shapeshifter) (D)
  Sigmund (D)
  2 water elementals (D)
  A yak (D)
  A basilisk (shapeshifter) (D)
  2 wyverns (D)
  A steam dragon (D)
  A soldier ant (shapeshifter) (D)
  A porcupine (D)
  3 swamp drakes (D)
  2 phantoms (D)
  4 scorpions (D)
  A wight (D)
  An iron imp (D)
  Jessica (D)
  An iguana (D)
  A river rat (D)
  A shadow imp (D)
  2 white imps (D)
  An ufetubus (D)
  An adder skeleton (D)
  An adder simulacrum (D)
  A spectral bat (D)
  2 bat skeletons (D)
  A bat zombie (D)
  A jackal (D)
  A ball python skeleton (D)
  A leopard gecko skeleton (D)
  A leopard gecko zombie (D)
  A quokka zombie (D)
  A spectral giant cockroach (D)
  A spectral quokka (D)
66 creatures vanquished.

Vanquished Creatures (others)
  A spatial maelstrom (D)
1 creature vanquished.

Grand Total: 67 creatures vanquished

Notes
Turn   | Place    | Note
-------+----------+-------------------------------------------
     0 | D        | Found the +6 Majin-Bo {vamp, Archmagi MP+6 Int+6}
     0 | D        | Found the +7 great mace "Firestarter" {inner flame, rF++}
     0 | D        | Fang the Minotaur Berserker began the quest for the Orb.
     0 | D        | Reached XP level 1. HP: 19/19 MP: 0/0
     3 | D        | Found a blossoming altar of Fedhas.
     4 | D        | Found a viscous altar of Jiyva.
     4 | D        | Found a hazy altar of Hepliaklqana.
     4 | D        | Found a transporter.
     4 | D        | Found an opulent altar of Gozag.
     4 | D        | Found an ancient bone altar of Kikubaaqudgha.
     4 | D        | Found a corrupted altar of Lugonu.
     5 | D        | Banished a spatial maelstrom
    12 | D        | Found a burning altar of Makhleb.
    13 | D        | Found a stormy altar of Qazlal.
    13 | D        | Found a sacrificial altar of Ru.
    13 | D        | Found an iron altar of Okawaru.
    13 | D        | Found a deep blue altar of Sif Muna.
    13 | D        | Found a sparkling altar of Nemelex Xobeh.
    13 | D        | Found a bloodstained altar of Trog.
    76 | D        | Entered arena 2.
    76 | D        | Noticed Sigmund
    76 | D        | Noticed Jessica
    76 | D        | Found a transporter.
    78 | D        | Killed Jessica
    78 | D        | Reached skill level 5 in Fighting
    78 | D        | Reached skill level 5 in Axes
    78 | D        | Reached XP level 2. HP: 29/29 MP: 1/1
    81 | D        | Killed Sigmund
    81 | D        | Reached ** piety under Trog
    81 | D        | Reached skill level 8 in Fighting
    81 | D        | Reached XP level 3. HP: 41/41 MP: 2/2
    81 | D        | Reached XP level 4. HP: 49/49 MP: 3/3
    81 | D        | Reached XP level 5. HP: 56/56 MP: 4/4
   105 | D        | Reached *** piety under Trog
   133 | D        | Entered arena 3.
   133 | D        | Found a transporter.
   135 | D        | Reached skill level 5 in Armour
   141 | D        | Reached skill level 9 in Fighting
   240 | D        | Entered arena 4.
   240 | D        | Noticed a polar bear
   240 | D        | Noticed a polar bear
   240 | D        | Found a transporter.
   243 | D        | Reached **** piety under Trog
   244 | D        | Killed a polar bear
   244 | D        | Reached skill level 10 in Fighting
   244 | D        | Reached skill level 10 in Axes
   244 | D        | Reached skill level 5 in Polearms
   244 | D        | Reached skill level 5 in Dodging
   244 | D        | Reached XP level 6. HP: 67/67 MP: 5/5
   248 | D        | Killed a polar bear
   248 | D        | Reached skill level 11 in Fighting
   248 | D        | Reached XP level 7. HP: 74/74 MP: 6/6
   291 | D        | Entered arena 5.
   291 | D        | Found a transporter.
   294 | D        | Reached ***** piety under Trog
   301 | D        | Reached skill level 12 in Fighting
   319 | D        | Entered arena 6.
   319 | D        | Noticed a yak
   319 | D        | Found a transporter.
   323 | D        | Killed a yak
   324 | D        | Reached XP level 8. HP: 72/85 MP: 7/7
   327 | D        | Received a gift from Trog
   429 | D        | Entered arena 7.
   429 | D        | Noticed a deep elf mage
   429 | D        | Noticed a deep elf mage
   429 | D        | Noticed a deep elf high priest
   429 | D        | Noticed a deep elf mage
   430 | D        | Found a transporter.
   433 | D        | Killed a deep elf mage
   433 | D        | Reached skill level 13 in Fighting
   433 | D        | Reached skill level 10 in Polearms
   433 | D        | Reached skill level 1 in Stealth
   437 | D        | Received a gift from Trog
   438 | D        | Killed a deep elf mage
   438 | D        | Reached ****** piety under Trog
   438 | D        | Reached skill level 1 in Evocations
   438 | D        | Reached XP level 9. HP: 94/94 MP: 8/8
   439 | D        | Killed a deep elf mage
   439 | D        | Reached skill level 14 in Fighting
   440 | D        | Killed a deep elf high priest
   449 | D        | Got a ring of the Octopus King {rC+ AC+1 EV+1 Str+1 Int+1 Dex+1}
   460 | D        | Got a fine quarterstaff {god gift}
   461 | D        | Identified the +9 quarterstaff "Keukum" {freeze, rElec rN++} (Trog gifted it to you in the Dungeon)
   507 | D        | Entered arena 8.
   508 | D        | Found the +5 demon whip "Spellbinder" {antimagic, MR+}
   508 | D        | Found a transporter.
   515 | D        | Received a gift from Trog
   529 | D        | Reached skill level 1 in Staves
   544 | D        | Entered arena 9.
   544 | D        | Noticed a freezing wraith
   544 | D        | Noticed a rime drake
   544 | D        | Noticed an ice devil
   544 | D        | Noticed an ice devil
   544 | D        | Noticed a freezing wraith
   544 | D        | Noticed a polar bear
   546 | D        | Found a transporter.
   550 | D        | Killed a polar bear
   554 | D        | Killed an ice devil
   554 | D        | Reached skill level 10 in Armour
   554 | D        | Reached XP level 10. HP: 104/104 MP: 10/10
   562 | D        | Received a gift from Trog
   562 | D        | HP: 3/156 [rime drake/flash freeze (20)]
   564 | D        | Reached skill level 15 in Fighting
   566 | D        | Reached skill level 15 in Polearms
   566 | D        | Reached skill level 5 in Staves
   924 | D        | Entered arena 10.
   925 | D        | Found a transporter.
   938 | D        | Received a gift from Trog
   996 | D        | Received a gift from Trog
  1213 | D        | Entered arena 11.
  1213 | D        | Noticed an orb spider
  1213 | D        | Noticed a salamander
  1215 | D        | Killed an unseen horror
  1216 | D        | Found a transporter.
  1222 | D        | Received a gift from Trog
  1223 | D        | Killed a salamander
  1226 | D        | Reached skill level 10 in Staves
  1232 | D        | Reached XP level 11. HP: 114/114 MP: 11/11
  1242 | D        | Killed an orb spider
  1256 | D        | Got the ring "Icvinuaf" {Int+4 Dex+4}
  1306 | D        | Entered arena 12.
  1307 | D        | Noticed a soul eater
  1307 | D        | Noticed a soul eater
  1308 | D        | Found the +7 great mace "Undeadhunter" {disrupt, rN+}
  1309 | D        | Found a transporter.
  1311 | D        | Received a gift from Trog
  1325 | D        | Killed a soul eater
  1325 | D        | Reached skill level 16 in Fighting
  1330 | D        | Killed a soul eater
  1342 | D        | Received a gift from Trog
  1348 | D        | Got the amulet "Poupur" {Gourm Dex+4}
  1373 | D        | Entered arena 13.
  1373 | D        | Noticed a deep elf master archer
  1373 | D        | Noticed a deep elf knight
  1373 | D        | Noticed a deep elf sorcerer
  1373 | D        | Noticed an orc sorcerer
  1376 | D        | Noticed a deep elf knight
  1376 | D        | Noticed a glaive of flaming
  1376 | D        | Noticed a deep elf mage
  1376 | D        | Noticed a deep elf mage
  1376 | D        | Noticed a deep elf annihilator
  1376 | D        | Noticed a deep elf archer
  1377 | D        | Found a transporter.
  1385 | D        | Killed an orc sorcerer
  1387 | D        | Reached XP level 12. HP: 14/123 MP: 12/12
  1389 | D        | HP: 2/123 [deep elf sorcerer/bolt of acid (8)]
  1389 | D        | Splashed by a deep elf sorcerer's acid

Skill      XL: |  1  2  3  4  5  6  7  8  9 10 11 |
---------------+----------------------------------+-----
Fighting       | 5 8 10 11 12 13 14 15 16 | 16.3
Axes           | 5 8 10 11 12 | 12.8
Armour         | 3 4 6 7 8 10 11 12 | 12.5
Dodging        | 3 4 5 6 7 8 |  8.6
Polearms       | 2 5 6 8 11 14 15 | 15.5
Stealth        | 1 2 3 4 |  4.7
Evocations     | 1 2 |  2.5
Staves         | 2 10 12 | 12.8
Shields        | 2 |  2.7

Action                   |  1- 3 |  4- 6 |  7- 9 | 10-12 || total
-------------------------+-------+-------+-------+-------++-------
Melee: Demon trident     |     4 |       |       |       ||     4
       Scythe            |       |    17 |    24 |       ||    41
       Headbutt          |       |     4 |     9 |    20 ||    33
       Quarterstaff      |       |       |    24 |    77 ||   101
Invok: Berserk           |     1 |     1 |     2 |     2 ||     6
       Burn Spellbooks   |       |     1 |     1 |     3 ||     5
Evoke: Lamp of fire      |       |       |     1 |       ||     1
  Use: Potion            |       |       |       |     3 ||     3
 Stab: Sleeping          |       |       |     1 |       ||     1
       Confused          |       |       |       |     1 ||     1
  Eat: Chunk             |       |       |     1 |     4 ||     5
       Ration            |       |       |       |     1 ||     1
Armor: Skin              |     1 |       |       |       ||     1
       Shadow dragon sca |       |    10 |    33 |    64 ||   107
Dodge: Dodged            |       |    13 |    34 |    77 ||   124
